 Dungeon Crawl Stone Soup version 0.31-a0-977-gc230f8ef24 (webtiles) character file.

Game seed: 17731941328209721211

561349 Crescendo the Warrior (level 25, -3/203 HPs)
             Began as a Demonspawn Monk on Oct 29, 2023.
             Was the Champion of Wu Jian.
             Slain by a green draconian monk (17 damage)
             ... on level 3 of the Realm of Zot.
             The game lasted 04:49:09 (69751 turns).

Crescendo the Warrior (Demonspawn Monk)            Turns: 69751, Time: 04:49:09

Health: -3/203     AC: 21    Str: 23    XL:     25   Next: 35%
Magic:  11/11      EV: 21    Int: 16    God:    Wu Jian [******]
Gold:   7526       SH: 12    Dex: 20    Spells: 34/39 levels left

rFire   + + +        a - +5 demon whip "Spellbinder" {antimagic, disrupt, Will+}
rCold   + + +        o - +3 warlock's mirror {omnireflect}
rNeg    + + +        f - +7 scale mail of Yrylisor {rF+ rN+ Regen+ Dex-3}
rPois   +            l - -2 hat of the Alchemist {rElec rPois rF+ rC+ rN+ Will+ rMut rCorr}
rElec   +            n - scarf {repulsion}
rCorr   +            M - +2 pair of gloves
SInv    .            (boots unavailable)
Will    ++++.        m - amulet "Zynif" {Faith Regen+ Dex+3}
Stlth   ++++         D - ring of Discretion {*Slow rF+ rC++ Str+6}
HPRegen 2.13/turn    B - ring of Pragmatism {Fly rN+}
MPRegen 0.12/turn

%: slow self (1%), repel missiles, reflection, resist mutation, faith
@: mighty, flying, slowed, studying 3 skills, very slow
A: hooves 3, powered by pain 2, torment resistance 1, sharp scales 3, demonic
magic 3, demonic willpower, clever 1, wild magic 1
}: 3/15 runes: decaying, silver, gossamer
a: Renounce Religion, Wall Jump, Serpent's Lash, Heavenly Storm


You were on level 3 of the Realm of Zot.
You worshipped Wu Jian.
Wu Jian was exalted by your worship.
You visited 11 branches of the dungeon, and saw 49 of its levels.
You also visited: Sewer, Ossuary, Bailey, Ice Cave and Wizlab.

You collected 9958 gold pieces.
You spent 2432 gold pieces at shops.

Inventory:

Hand Weapons
 a - the +5 demon whip "Spellbinder" (weapon) {antimagic, disrupt, Will+}
   (You bought it in a shop on level 2 of the Orcish Mines)

   Will+:     It increases your willpower.
 b - the +8 whip "Snakebite" {venom, curare, rPois}
   (You found it on level 4 of the Lair of Beasts)

   rPois:     It protects you from poison
Missiles
 d - 5 atropa-tipped darts
 g - 14 javelins (quivered)
 H - 3 boomerangs
 N - 22 curare-tipped darts
 O - 9 darts of dispersal
 S - 5 poisoned darts
Armour
 f - the +7 scale mail of Yrylisor (worn) {rF+ rN+ Regen+ Dex-3}
   (You found it on level 1 of the Depths)

   Dex-3:     It affects your dexterity (-3).
   rF+:       It protects you from fire.
   rN+:       It protects you from negative energy.
   Regen+:    It increases your rate of health regeneration.
 l - the -2 hat of the Alchemist (worn) {rElec rPois rF+ rC+ rN+ Will+ rMut rCorr}
   (You bought it in a shop on level 3 of the Elven Halls)

   rF+:       It protects you from fire.
   rC+:       It protects you from cold.
   rElec:     It insulates you from electricity.
   rPois:     It protects you from poison rN+: It protects you from negative
   energy.
   Will+:     It increases your willpower.
   rCorr:     It protects you from acid and corrosion.
   rMut:      It protects you from mutation.
 n - a scarf of repulsion (worn)
 o - the +3 warlock's mirror (worn) {omnireflect}
   (You acquired it on level 7 of the Dungeon)

   Omnireflect: It can block and reflect piercing ranged attacks and magical
   attacks against the wielder's willpower.
 M - a +2 pair of gloves (worn)
Magical Staves
 c - the staff of Darkness {+Blink Will+ Dex-5 Conj}
   (You found it in a bailey)

   [staff of conjuration]

   Base accuracy: +5 Base damage: 5 Base attack delay: 1.2 This weapon's minimum
   attack delay (0.6) is reached at skill level 12.
   Dex-5:     It affects your dexterity (-5).
   Will+:     It increases your willpower.
   +Blink:    It lets you blink.
   Conj:      It increases the power of your Conjurations spells.
   It falls into the 'Staves' category.
   It is a one-handed weapon.
Jewellery
 m - the amulet "Zynif" (around neck) {Faith Regen+ Dex+3}
   (You bought it in a shop on level 3 of the Elven Halls)

   [amulet of faith]

   Faith:     It allows you to gain divine favour quickly.
   Dex+3:     It affects your dexterity (+3).
   Regen+:    It increases your rate of health regeneration.
 B - the ring of Pragmatism (right hand) {Fly rN+}
   (You found it on level 15 of the Dungeon)

   [ring of positive energy]

   rN+:       It protects you from negative energy.
   Fly:       It grants you flight.
 D - the ring of Discretion (left hand) {*Slow rF+ rC++ Str+6}
   (You found it on level 15 of the Dungeon)

   [ring of strength]

   Str+6:     It affects your strength (+6).
   rF+:       It protects you from fire.
   rC++:      It greatly protects you from cold.
   *Slow:     It may slow you when you take damage.
Talismans
 Z - a talisman of death
Wands
 w - a wand of charming (38)
 y - a wand of polymorph (5)
 I - a wand of quicksilver (31)
 R - a wand of mindburst (79)
 T - a wand of roots (27)
 X - a wand of digging (11)
Scrolls
 h - 10 scrolls of teleportation
 j - 2 scrolls of immolation
 k - 7 scrolls of fog
 r - 3 scrolls of identify
 s - 2 scrolls of blinking
 t - 12 scrolls of fear
 u - a scroll of enchant armour
 x - a scroll of enchant weapon
 E - 4 scrolls of revelation
 K - 6 scrolls of butterflies
 L - a scroll of amnesia
Potions
 i - 7 potions of resistance
 q - 3 potions of cancellation
 v - a potion of attraction
 z - 11 potions of curing
 A - 13 potions of heal wounds
 C - a potion of lignification
 F - a potion of brilliance
 G - 6 potions of haste
 J - a potion of magic
 W - 9 potions of might
Miscellaneous
 e - a sack of spiders (inert)
 p - a tin of tremorstones (2/2)
 Q - a lightning rod (4/4)
 U - a phantom mirror


   Skills:
 + Level 17.8 Fighting
 - Level 15.0 Long Blades
 + Level 17.8 Maces & Flails
 + Level 12.8 Throwing
 * Level 14.6 Armour
 * Level 16.0 Dodging
 + Level 11.4 Stealth
 * Level 15.3 Shields
 + Level 7.7 Unarmed Combat
 * Level 7.6 Spellcasting
 + Level 5.3 Translocations
 * Level 3.9 Transmutations
 * Level 8.7 Fire Magic
 + Level 13.3 Evocations
 * Level 2.7 Shapeshifting


You had 34 spell levels left.
You knew the following spells:

 Your Spells              Type           Power      Damage    Failure   Level
a - Blink                 Tloc           60%        N/A       7%          2
b - Apportation           Tloc           60%        N/A       4%          1
c - Wereblood             Tmut           24%        N/A       12%         2

Your spell library contained the following spells:

 Spells                   Type           Power      Damage    Failure   Level
 Scorch                   Fire           88%        2d8       2%          2
 Lesser Beckoning         Tloc           60%        N/A       7%          2
 Volatile Blastmotes      Fire/Tloc      74%        2d16      7%          3
 Gell's Gravitas          Tloc           30%        N/A       13%         3
 Sting                    Tmut/Pois      64%        1d6       16%         1
 Momentum Strike          Conj/Tloc      38%        3d9       17%         2
 Inner Flame              Hex/Fire       26%        N/A       17%         3
 Ignite Poison            Fire/Tmut/Pois 25%        N/A       19%         3
 Passwall                 Tmut/Erth      13%        N/A       24%         2
 Freeze                   Ice            28%        1d5       34%         1
 Kiss of Death            Conj/Necr      28%        2d7       34%         1
 Magic Dart               Conj           28%        1d4       34%         1
 Necrotise                Necr           28%        1d5       34%         1
 Sandblast                Erth           14%        2d6       34%         1
 Shock                    Conj/Air       28%        1d4       34%         1
 Slow                     Hex            28%        N/A       34%         1
 Summon Small Mammal      Summ           28%        N/A       34%         1
 Manifold Assault         Tloc           30%        N/A       34%         4
 Call Imp                 Summ           14%        N/A       45%         2
 Cigotuvi's Dreadful Rot  Necr/Pois/Air  14%        N/A       45%         2
 Ensorcelled Hibernation  Hex/Ice        14%        N/A       45%         2
 Jinxbite                 Hex            14%        N/A       45%         2
 Poisonous Vapours        Pois/Air       14%        N/A       45%         2
 Searing Ray              Conj           14%        2d5       45%         2
 Static Discharge         Conj/Air       14%        3-4/arc   45%         2
 Flame Wave               Conj/Fire      26%        2d8       47%         4
 Sticky Flame             Conj/Fire      26%        2d5       47%         4
 Call Canine Familiar     Summ           7%         N/A       67%         3
 Confusing Touch          Hex            7%         N/A       67%         3
 Frozen Ramparts          Ice            14%        1d3       67%         3
 Hailstorm                Conj/Ice       7%         3d4       67%         3
 Mephitic Cloud           Conj/Pois/Air  7%         N/A       67%         3
 Ozocubu's Armour         Ice            7%         N/A       67%         3
 Sigil of Binding         Hex            7%         N/A       67%         3
 Stone Arrow              Conj/Erth      14%        3d7       67%         3
 Summon Guardian Golem    Hex/Summ       7%         N/A       67%         3
 Swiftness                Air            7%         N/A       67%         3
 Vampiric Draining        Necr           7%         2d6       67%         3
 Iskenderun's Mystic Bla  Conj/Tloc      19%        2d6       71%         4
 Vhi's Electric Charge    Tloc/Air       38%        N/A       71%         4
 Fireball                 Conj/Fire      13%        3d7       82%         5
 Summon Forest            Summ/Tloc      9%         N/A       95%         5
 Airstrike                Air            3%         2d(1-17)  96%         4
 Anguish                  Hex/Necr       3%         N/A       96%         4
 Animate Dead             Necr           7%         N/A       96%         4
 Brom's Barrelling Bould  Conj/Erth      7%         2d3       96%         4
 Cause Fear               Hex            3%         N/A       96%         4
 Dispel Undead            Necr           7%         3d8       96%         4
 Fulminant Prism          Conj/Hex       3%         3d5       96%         4
 Leda's Liquefaction      Hex/Erth       3%         N/A       96%         4
 Olgreb's Toxic Radiance  Pois           7%         N/A       96%         4
 Summon Lightning Spire   Summ/Air       7%         N/A       96%         4
 Irradiate                Conj/Tmut      8%         3d14      98%         5
 Yara's Violent Unravell  Hex/Tmut       8%         3d5       98%         5
 Dispersal                Tloc           15%        N/A       99%         6
 Agony                    Necr           7%         N/A       100%        5
 Arcjolt                  Conj/Air       3%         1d13      100%        5
 Borgnjor's Vile Clutch   Necr/Erth      3%         N/A       100%        5
 Freezing Cloud           Conj/Ice/Air   3%         6-21      100%        5
 Iskenderun's Battlesphe  Conj           7%         2d6       100%        5
 Lee's Rapid Deconstruct  Erth           3%         3d5*      100%        5
 Metabolic Englaciation   Hex/Ice        3%         N/A       100%        5
 Summon Mana Viper        Hex/Summ       7%         N/A       100%        5
 Bombard                  Conj/Erth      3%         9d1       100%        6
 Conjure Ball Lightning   Conj/Air       3%         3x3d6     100%        6
 Death Channel            Necr           3%         N/A       100%        6
 Eringya's Noxious Bog    Tmut/Pois      8%         4d6       100%        6
 Simulacrum               Ice/Necr       3%         N/A       100%        6
 Starburst                Conj/Fire      13%        6d5       100%        6
 Summon Cactus Giant      Summ           3%         N/A       100%        6
 Enfeeble                 Hex            3%         N/A       100%        7
 Haunt                    Necr/Summ      3%         N/A       100%        7
 Malign Gateway           Summ/Tloc      9%         N/A       100%        7
 Orb of Destruction       Conj           3%         9d5       100%        7
 Ozocubu's Refrigeration  Ice            3%         4d8       100%        7
 Spellforged Servitor     Conj/Summ      3%         N/A       100%        7
 Summon Hydra             Summ           3%         N/A       100%        7
 Borgnjor's Revivificati  Necr           3%         N/A       100%        8
 Discord                  Hex            3%         N/A       100%        8
 Disjunction              Tloc           15%        N/A       100%        8
 Infestation              Necr           3%         N/A       100%        8
 Lehudib's Crystal Spear  Conj/Erth      3%         10d3      100%        8
 Maxwell's Capacitive Co  Air            3%         ∞         100%        8
 Summon Horrible Things   Summ           3%         N/A       100%        8
 Chain Lightning          Conj/Air       3%         3d4       100%        9
 Death's Door             Necr           3%         N/A       100%        9
 Dragon's Call            Summ           3%         N/A       100%        9
 Fire Storm               Conj/Fire      13%        8d3       100%        9
 Polar Vortex             Ice            3%         N/A       100%        9
 Shatter                  Erth           3%         3d7*      100%        9


Dungeon Overview and Level Annotations

Branches:
Dungeon (15/15)            Temple (1/1) D:4            Lair (5/5) D:11
  Swamp (4/4) Lair:3       Spider (4/4) Lair:3        Slime (0/5) Lair:4
    Orc (2/2) D:9             Elf (3/3) Orc:2        Vaults (5/5) D:13
  Crypt (3/3) Vaults:3       Tomb (0/3) Crypt:3      Depths (4/4) D:15
    Zot (3/5) Depths:4      Sewer (visited)         Ossuary (visited)
 Bailey (visited)           IceCv (visited)          WizLab (visited)

Altars:
Ashenzari
Cheibriados
Dithmenos
Fedhas
Gozag
Hepliaklqana
Kikubaaqudgha
Makhleb
Nemelex Xobeh
Okawaru
Qazlal
Ru
Sif Muna
Trog
Uskayaw
Vehumet
Wu Jian
Xom
Yredelemnul
Jiyva

Shops:
D:4 (?!   D:7 :   D:14 *   Orc:2 (*((   Elf:1 !   Elf:3 [=   Depths:3 (=

Portals:
Hell: Depths:1 Depths:2 Depths:3 Depths:4
Abyss: Depths:2 Depths:3
Pandemonium: Depths:2 Depths:4
Ziggurat: Depths:1

Annotations:
D:15 1 transporter


Innate Abilities, Weirdness & Mutations

You have hooves in place of feet.
You sometimes gain power by taking damage.
You are resistant to unholy torment.
You are completely covered in razor-sharp scales. (AC +3, Slay +3)
Spells you cast and wands you use may paralyse nearby enemies.
You punish those that try to bend your will. (Will+)
Your mind is acute. (Int +4, Str/Dex -1)
Your spells are a little harder to cast, but a little more powerful.


Message History

The green draconian monk hits you.
* * * LOW HITPOINT WARNING * * *
You block the green draconian monk's attack. x2
The green draconian monk tail-slaps you but does no damage.
The red draconian scorcher is caught in a web!
A red draconian scorcher comes into view.
It is wielding a +1 dagger of venom.
The green draconian monk hits you!
* * * LOW HITPOINT WARNING * * *
You feel yourself slow down.
The green draconian monk barely misses you. x2
You block the green draconian monk's attack.
Unknown command.
As you read the scroll of butterflies, it crumbles to dust.
You hear the flapping of tiny wings.
The purple draconian is knocked back by the sudden gust.
The green draconian monk is knocked back by the sudden gust.
The red draconian scorcher roars!
You block the green draconian monk's attack.
The green draconian monk closely misses you. x2
You block the green draconian monk's attack.
The red draconian scorcher struggles to get unstuck from the web.
Unknown command.
You swap places.
The green draconian monk hits your butterfly!
Your butterfly dies!
Your butterfly disappears in a burst of colours!
The red draconian scorcher struggles to get unstuck from the web.
The green draconian monk rages.
The green draconian monk hits your butterfly!!!
Your butterfly dies!
Your butterfly disappears in a burst of colours!
The red draconian scorcher struggles to get unstuck from the web.
Aiming: Mindburst
Press: ? - help, Shift-Dir - straight line, f/p - green draconian monk
Aim: a green draconian monk, wearing a +0 cloak (severely wounded, berserk, chance to affect: 84%)
The green draconian monk's mind is blasted!!!
Malevolent energies surge around you.
The purple draconian looks more energetic.
The green draconian monk hits you!
You die...

#.)...d..##
#......).#
#..dd....#
#..X☼....#
###○###### #○#
######q###
#.q.dy.).###
#@######...##
##########○..# # #
##^.#...###...# .
. #^....#..##...#
.#.
##...#.#..#..## .#
##...#####...# ##.
##...#####..####..
##...#.#...#.#...
##......#.#.#.#...


You could see a green draconian monk (berserk), a purple draconian, a red
draconian scorcher (webbed) and a moth of wrath.

Vanquished Creatures
  2 ancient liches (Crypt:3)
  3 dread liches
  2 orbs of fire (Zot:1)
  Mara (Spider:3)
  A juggernaut (Depths:4)
  Margery (Vaults:4)
  Frederick (Depths:3)
  A Killer Klown (Zot:3)
  Xtahua (Depths:3)
  Jory (Vaults:2)
  Nikola (Swamp:1)
  An electric golem (Zot:3)
  6 tentacled monstrosities
  Zenata (Elf:3)
  4 liches
  3 deep elf blademasters (Elf:3)
  5 quicksilver dragons
  A titan (Vaults:5)
  10 sphinxes
  2 ancient champions
  The ghost of Domino the Severer, an adept MiBe of Trog (Spider:3)
  4 deep elf master archers (Elf:3)
  An acid blob (WizLab)
  Frances (Swamp:2)
  4 death cobs
  A thorn hunter (Swamp:4)
  11 tengu reavers
  6 storm dragons
  Gastronok (Orc:1)
  Donald (Elf:3)
  12 shadow dragons
  7 draconian monks
  Roxanne (Spider:4)
  2 nagarajas (WizLab)
  5 fenstrider witches
  A revenant (Crypt:3)
  3 draconian knights (Zot:2)
  7 deep elf sorcerers
  10 fire giants
  4 draconian scorchers
  2 iron dragons
  2 ghost moths
  16 frost giants
  14 vault wardens
  4 ghouls (Crypt:2)
  2 curse skulls
  3 emperor scorpions
  A draconian shifter (Zot:1)
  5 deep elf elementalists
  A draconian stormcaller (Zot:1)
  An orc warlord (Bailey)
  5 formless jellyfish
  14 ironbound preservers
  3 draconian annihilators
  A reaper (Depths:2)
  3 broodmothers
  5 demonspawn corrupters (WizLab)
  36 very ugly things
  19 stone giants
  A caustic shrike skeleton (Crypt:3)
  8 ironbound thunderhulks
  5 green draconians
  8 war gargoyles
  2 deep elf demonologists (Elf:1)
  9 vampire knights
  3 black draconians
  10 dire elephants
  The ghost of Crescendo the Spear-Bearer, a journeyman DsMo of Wu Jian (Lair:4)
  2 eleionomae
  9 white draconians
  6 deep elf annihilators
  5 bunyips
  3 demonspawn black suns (Zot:1)
  3 red draconians
  4 yellow draconians
  6 deep elf death magi
  5 spark wasps
  An ettin (shapeshifter) (D:15)
  3 purple draconians
  13 ettins
  2 eidola
  11 jiangshi
  The ghost of Dinodghad the Devastator, a journeyman GrEE of Vehumet (Lair:3)
  4 entropy weavers
  7 fire dragons
  3 shambling mangroves
  9 great orbs of eyes
  17 yaktaur captains
  Fannar (D:11)
  4 ogre magi
  17 hydras
  7 ice dragons
  5 rakshasas
  2 peacekeepers
  5 spriggan air magi
  A ghost crab (Swamp:3)
  2 hell beasts (Depths:4)
  31 vault guards
  3 jorogumos
  13 centaur warriors
  8 ironbound frosthearts
  7 alligators
  An alligator (shapeshifter) (D:15)
  8 boulder beetles
  3 radroaches
  A two-headed ogre (shapeshifter) (Vaults:3)
  3 death knights (Crypt:1)
  A sphinx zombie (Vaults:5)
  8 demonic crawlers
  4 death yaks (Lair:5)
  6 two-headed ogres
  A catoblepas (Lair:5)
  13 deep troll shamans
  13 deep troll earth magi
  7 death scarabs (Spider:4)
  6 tengu warriors
  27 dancing weapons
  6 occultists
  8 vampire magi
  An orc high priest (Elf:2)
  4 spriggan berserkers
  Sonja (D:12)
  28 deep elf knights
  3 soul eaters
  A sun demon (Depths:1)
  A shadow wraith (Crypt:2)
  8 hell knights
  A sixfirhy (Depths:4)
  8 skeletal warriors
  9 pharaoh ants
  4 goliath frogs
  16 iron trolls
  3 skysharks
  59 deep trolls
  4 glowing orange brains
  A bunyip skeleton (Crypt:3)
  A sea snake (shapeshifter) (D:15)
  3 spriggan druids
  12 flayed ghosts
  8 bog bodies
  7 steelbarb worms
  A tengu zombie (Vaults:5)
  7 swamp dragons
  6 phantasmal warriors
  An orange crystal statue (IceCv)
  9 orb spiders
  3 spriggan simulacra (Swamp:2)
  A lindwurm (shapeshifter) (Elf:1)
  9 deep elf archers
  34 deep elf pyromancers
  3 wolf spider zombies (Spider:4)
  5 arcanists
  19 ironbound convokers
  7 lindwurms
  A harpy (Vaults:4)
  9 necromancers
  6 orc knights
  A wolf spider (shapeshifter) (Vaults:5)
  An oklob plant (Lair:5)
  8 cyclopes
  31 deep elf zephyrmancers
  6 will-o-the-wisps
  53 ugly things
  A manticore (shapeshifter) (Depths:4)
  A salamander (shapeshifter) (Vaults:5)
  13 moths of wrath
  3 orc sorcerers
  10 wolf spiders
  A human skeleton (Crypt:3)
  A worldbinder (WizLab)
  2 black mambas (Lair:4)
  A moth of wrath (shapeshifter) (D:15)
  11 fire giant skeletons (Crypt:3)
  8 manticores
  An eleionoma skeleton (Crypt:2)
  2 guardian serpents (D:15)
  2 stone giant skeletons
  A frost giant skeleton (Crypt:1)
  2 water nymphs (WizLab)
  23 elephants
  11 vault sentinels
  A smoke demon (Depths:4)
  3 spriggan zombies
  A red draconian zombie (Crypt:1)
  6 torpor snails
  4 unseen horrors
  13 cane toads
  5 gargoyles
  2 centaur skeletons
  A swamp worm zombie (Crypt:2)
  2 anaconda simulacra (Swamp:2)
  2 spectral redbacks (Spider:4)
  4 kobold demonologists
  4 komodo dragons
  A naga skeleton (Crypt:2)
  A redback zombie (Spider:4)
  19 rime drakes
  2 alligator snapping turtle skeletons
  A guardian mummy (Crypt:3)
  3 efreet
  30 yaktaurs
  11 tengu conjurers
  10 freezing wraiths
  3 harpy zombies (Crypt:2)
  5 trolls
  7 meliai
  A spectral tarantella (Spider:4)
  15 tyrant leeches
  2 bloated husks
  21 polar bears
  A tarantella (shapeshifter) (Vaults:5)
  A spectral jumping spider (Spider:4)
  A culicivora zombie (Spider:4)
  24 tarantellas
  A tarantella zombie (Spider:4)
  14 blink frogs
  10 dream sheep
  12 hornets
  2 spectral culicivoras (Spider:4)
  3 glass eyes
  2 frost giant simulacra
  2 raiju (shapeshifter)
  18 jumping spiders
  3 jumping spider zombies (Spider:4)
  2 air elementals
  23 culicivoras
  3 flying skulls (Crypt:1)
  2 spriggan skeletons
  5 fire dragon skeletons (Crypt:3)
  Sigmund (D:5)
  12 water elementals
  A dire elephant simulacrum (Swamp:2)
  8 wyverns
  39 slime creatures
  2 ynoxinuls (Depths:2)
  26 yaks
  8 spriggans
  14 wraiths
  4 shadows
  An ushabti (Crypt:3)
  3 fire elementals
  7 basilisks
  4 hogs (Lair:4)
  A golden eye (shapeshifter) (D:14)
  46 redbacks
  A redback simulacrum (D:15)
  9 vampire mosquitoes
  The ghost of Armakuni the Chiller, an amateur HuWn (D:4)
  A harpy simulacrum (Swamp:2)
  A swamp worm (shapeshifter) (Vaults:5)
  An acid dragon (D:12)
  6 wargs
  18 water moccasins
  16 swamp worms
  An entropy weaver zombie (Crypt:2)
  55 orc warriors
  A meliai simulacrum (D:15)
  6 black bears
  2 ice beasts (D:8)
  3 sky beasts
  11 swamp drakes
  5 ogres
  8 boggarts
  An elephant skeleton (Crypt:1)
  9 wolves (Lair:5)
  7 centaurs
  2 hog skeletons
  14 kobold brigands
  A cyclops zombie (Crypt:2)
  4 earth elementals
  11 bullfrogs
  A wyvern zombie (Crypt:1)
  2 necrophages (Crypt:2)
  A deep troll simulacrum (Swamp:2)
  2 gnoll sergeants
  10 scorpions
  A warg zombie (Crypt:1)
  8 wights
  A cyclops skeleton (Crypt:2)
  18 killer bees
  2 electric eels (D:12)
  A howler monkey (D:8)
  A wolf skeleton (Crypt:1)
  19 orc priests
  5 hounds
  6 jellies (D:5)
  A gnoll bouda (D:4)
  A sleepcap (D:8)
  Ijyb (D:3)
  Terence (D:2)
  Natasha (D:2)
  3 iguanas
  7 hell rats
  23 orc wizards
  A boggart simulacrum (D:15)
  16 mummies
  13 adders
  20 gnolls
  5 river rats (Sewer)
  3 white imps
  8 ufetubi
  An iguana skeleton (Crypt:1)
  5 worms
  5 dart slugs
  104 orcs
  6 endoplasms
  9 giant cockroaches
  19 goblins
  12 hobgoblins
  21 jackals
  7 quokkas
  6 ball pythons
  5 bats
  4 frilled lizards
  3 gnoll zombies (Ossuary)
  A goblin skeleton (Crypt:2)
  2 goblin zombies (Ossuary)
  45 kobolds
  2 kobold zombies (Ossuary)
  An orc zombie (Ossuary)
  11 rats
  2 rat zombies (D:4)
  A butterfly (D:8)
2284 creatures vanquished.

Vanquished Creatures (collateral kills)
  A deep elf sorcerer (Elf:3)
  A yaktaur captain (Vaults:3)
  A hell knight (Vaults:4)
  A vault sentinel (Vaults:3)
4 creatures vanquished.

Vanquished Creatures (others)
  Kirke (Lair:4)
  A draconian scorcher (Zot:2)
  2 frost giants
  A stone giant (Depths:1)
  A spriggan air mage (Swamp:3)
  A demonic crawler (Spider:4)
  An arcanist (WizLab)
  A bloated husk (Swamp:3)
  A swamp worm (Swamp:3)
  A swamp drake (Swamp:4)
  A boggart (Vaults:1)
  An orc (D:9)
  4 foxfires
17 creatures vanquished.

Grand Total: 2305 creatures vanquished

Notes
Turn   | Place    | Note
-------+----------+-------------------------------------------
     0 | D:1      | Crescendo the Demonspawn Monk began the quest for the Orb.
     0 | D:1      | Reached XP level 1. HP: 18/18 MP: 1/1
   115 | D:1      | Gained mutation: You are partially covered in razor-sharp
                  | scales. (AC +1, Slay +1) [demonic ancestry]
   115 | D:1      | Reached XP level 2. HP: 16/24 MP: 2/2
   485 | D:1      | Gained mutation: Spells you cast may paralyse adjacent
                  | enemies. [demonic ancestry]
   485 | D:1      | Reached XP level 3. HP: 26/29 MP: 3/3
   828 | D:2      | Noticed Terence
  1117 | D:2      | Reached XP level 4. HP: 35/35 MP: 4/4
  1124 | D:2      | Identified the +6 scale mail of Totan {rElec Slay+2}
  1222 | D:2      | Killed Terence
  1223 | D:2      | Reached skill level 1 in Stealth
  1367 | D:2      | Found a faded altar of an unknown god.
  1589 | D:2      | Noticed Natasha
  1594 | D:2      | Killed Natasha
  1595 | D:2      | Gained mutation: You have large cloven feet. [demonic
                  | ancestry]
  1595 | D:2      | Reached XP level 5. HP: 38/42 MP: 5/5
  1670 | D:3      | Found a sacrificial altar of Ru.
  1723 | D:3      | Noticed Ijyb
  1738 | D:3      | Found an ornate altar of the Wu Jian Council.
  1746 | D:3      | Became a worshipper of the Wu Jian Council
  1746 | D:3      | Reached * piety under Wu Jian
  1746 | D:3      | Reached ** piety under Wu Jian
  1812 | D:3      | Killed Ijyb
  2059 | D:3      | Reached XP level 6. HP: 43/48 MP: 6/6
  2063 | D:3      | Reached skill level 5 in Long Blades
  2145 | D:3      | Identified the +1 cloak of Lairouh {Contam rF- rCorr
                  | Slay+6}
  2498 | D:4      | Found Kaemif's Antique Weapon Shoppe.
  2498 | D:4      | Found Arghoif's Magic Scroll Shoppe.
  2498 | D:4      | Found Daitwar's Distillery.
  2633 | D:4      | Bought a scroll of revelation for 82 gold pieces
  2684 | D:4      | Reached *** piety under Wu Jian
  2685 | D:4      | Reached skill level 1 in Armour
  2706 | D:4      | Found a sand-covered staircase.
  2714 | Ossuary  | Entered an ossuary
  2810 | Ossuary  | Reached XP level 7. HP: 54/54 MP: 7/7
  3048 | D:4      | Found a staircase to the Ecumenical Temple.
  3058 | Temple   | Entered the Ecumenical Temple
  3292 | D:4      | Found a blossoming altar of Fedhas.
  3411 | D:4      | Found a large runed translucent door.
  3425 | D:4      | Found a large runed translucent door.
  3429 | D:4      | Noticed Armakuni's ghost (amateur HuWn)
  3538 | D:4      | Found a shadowy altar of Dithmenos.
  3764 | D:5      | Entered Level 5 of the Dungeon
  4036 | D:5      | Reached **** piety under Wu Jian
  4324 | D:5      | Noticed Sigmund
  4332 | D:5      | Killed Sigmund
  4333 | D:5      | Reached XP level 8. HP: 55/61 MP: 8/8
  4569 | D:5      | Found a shimmering blue altar of Sif Muna.
  4569 | D:5      | Found a stormy altar of Qazlal.
  4569 | D:5      | Found an ornate altar of the Wu Jian Council.
  4569 | D:5      | Found a radiant altar of Vehumet.
  4569 | D:5      | Found an iron altar of Okawaru.
  4569 | D:5      | Noticed a slime creature
  4594 | D:5      | Reached skill level 5 in Fighting
  4627 | D:5      | Killed a slime creature
  5252 | D:6      | Found a glowing drain.
  5280 | Sewer    | Entered a sewer
  5483 | D:6      | Gained mutation: Spells you cast may paralyse nearby
                  | enemies. [demonic ancestry]
  5483 | D:6      | Reached XP level 9. HP: 67/68 MP: 9/9
  5501 | D:6      | Reached skill level 1 in Evocations
  5521 | D:6      | Reached ***** piety under Wu Jian
  5803 | D:6      | You fall into a shaft and drop 3 floors!
  6107 | D:8      | Found a runed translucent door.
  6110 | D:8      | Found a runed translucent door.
  6432 | D:8      | Noticed a two-headed ogre
  6439 | D:8      | Killed a two-headed ogre
  6440 | D:8      | Reached skill level 10 in Long Blades
  6469 | D:8      | Found a snail-covered altar of Cheibriados.
  7126 | D:7      | Found Byebabra's Tiny Tomes.
  7165 | D:7      | Found a flagged portal.
  7178 | D:7      | Identified the +7 hand axe of Vyshioru {elec, Will+ rCorr
                  | Int+4}
  7194 | Bailey   | Entered a bailey
  7253 | Bailey   | Reached XP level 10. HP: 62/76 MP: 10/10
  7525 | Bailey   | Noticed an orc warlord
  7555 | Bailey   | Killed an orc warlord
  7747 | Bailey   | Identified the staff of Darkness {+Blink Will+ Dex-5 Conj}
  7807 | D:7      | Acquired the +3 warlock's mirror {omnireflect}
  7807 | D:7      | Found the +3 warlock's mirror {omnireflect}
  7909 | D:7      | Reached skill level 1 in Throwing
  8155 | D:7      | Reached ****** piety under Wu Jian
  8172 | D:7      | Found an opulent altar of Gozag.
  8558 | D:6      | Found a basalt altar of Yredelemnul.
  9217 | D:9      | Found a staircase to the Orcish Mines.
  9230 | D:9      | Reached skill level 1 in Shields
  9620 | D:10     | Entered Level 10 of the Dungeon
  9695 | D:10     | Noticed a two-headed ogre
  9700 | D:10     | Killed a two-headed ogre
  9701 | D:10     | Gained mutation: You are mostly covered in razor-sharp
                  | scales. (AC +2, Slay +2) [demonic ancestry]
  9701 | D:10     | Reached XP level 11. HP: 70/84 MP: 11/11
  9774 | D:10     | Noticed a two-headed ogre
  9780 | D:10     | Killed a two-headed ogre
  9786 | D:10     | Reached skill level 5 in Dodging
  9930 | D:10     | Identified the +2 great sword of Turmoil {protect, rF+ rN+}
 10874 | D:11     | Found a staircase to the Lair.
 11092 | D:11     | Noticed Fannar
 11106 | D:11     | Killed Fannar
 11409 | D:15     | Identified the "Qetiudd"
 11409 | Lair:1   | Entered Level 1 of the Lair of Beasts
 11409 | Lair:1   | Found a shimmering altar of Xom.
 11851 | Lair:1   | Reached skill level 5 in Shields
 12165 | Lair:2   | Gained mutation: You sometimes gain a little power by
                  | taking damage. [demonic ancestry]
 12165 | Lair:2   | Reached XP level 12. HP: 94/95 MP: 12/12
 13162 | Lair:3   | Found a staircase to the Swamp.
 13178 | Lair:3   | Found a hole to the Spider Nest.
 13184 | Lair:3   | Reached skill level 10 in Fighting
 13185 | Lair:3   | Reached skill level 5 in Throwing
 13219 | Lair:3   | Found a runed translucent door.
 13220 | Lair:3   | Noticed Dinodghad's ghost (journeyman GrEE)
 13280 | Lair:3   | Reached skill level 5 in Evocations
 13350 | Lair:3   | Noticed a five-headed hydra
 14029 | Lair:4   | Identified the +12 arbalest of Boinul {penet, SInv}
 14045 | Lair:4   | Noticed Kirke
 14060 | Lair:4   | Killed Kirke
 14114 | Lair:4   | Gained mutation: You have hoof-like feet. [demonic
                  | ancestry]
 14114 | Lair:4   | Reached XP level 13. HP: 83/104 MP: 13/13
 14427 | Orc:1    | Entered Level 1 of the Orcish Mines
 14750 | Orc:2    | Entered Level 2 of the Orcish Mines
 15313 | Orc:2    | Found a staircase to the Elven Halls.
 15973 | Orc:2    | Found Uproyck's Assorted Antiques.
 15973 | Orc:2    | Found Nifavyra's Antique Weapon Shoppe.
 16152 | Orc:2    | Found Heerheirch's Weapon Boutique.
 16152 | Orc:2    | Found Ynicomeex's Weapon Shoppe.
 16850 | Orc:1    | Noticed Gastronok
 16860 | Orc:1    | Killed Gastronok
 17075 | D:12     | Found a broken altar of Ashenzari.
 17257 | D:12     | Noticed Sonja
 17287 | D:12     | Killed Sonja
 18313 | D:13     | Gained mutation: You punish those that try to bend your
                  | will. (Will+) [demonic ancestry]
 18313 | D:13     | Reached XP level 14. HP: 52/114 MP: 14/14
 19183 | D:13     | Found a gate to the Vaults.
 19789 | D:14     | Found Caluuxy's General Store.
 19869 | D:14     | Found a bloodstained altar of Trog.
 20466 | D:14     | Reached skill level 5 in Armour
 21429 | Lair:4   | Reached skill level 10 in Shields
 21459 | Lair:4   | Found the +8 whip "Snakebite" {venom, curare, rPois}
 21587 | Lair:4   | Found a viscous altar of Jiyva.
 21587 | Lair:4   | Found a staircase to the Slime Pits.
 21599 | Lair:4   | Found a runed translucent door.
 21602 | Lair:4   | Noticed Crescendo's ghost (journeyman DsMo)
 21806 | Lair:5   | Entered Level 5 of the Lair of Beasts
 22120 | Lair:5   | Reached skill level 1 in Maces & Flails
 22559 | Lair:5   | Reached XP level 15. HP: 122/122 MP: 15/15
 23779 | D:15     | Entered Level 15 of the Dungeon
 23779 | D:15     | Found a transporter.
 24167 | D:15     | Reached skill level 5 in Maces & Flails
 24407 | D:15     | Found a sparkling altar of Nemelex Xobeh.
 24407 | D:15     | Found a transporter.
 24736 | D:15     | Identified the ring "Cuedon" {Fire rPois rN+}
 24976 | D:15     | Noticed a frost giant
 24986 | D:15     | Killed a frost giant
 25274 | D:15     | Learned a level 2 spell: Blink
 25502 | D:15     | Identified the ring of Discretion {*Slow rF+ rC++ Str+6}
 25602 | D:15     | Found a staircase to the Depths.
 25603 | D:15     | Noticed a frost giant
 25608 | D:15     | Killed a frost giant
 26530 | D:15     | Found a burning altar of Makhleb.
 26570 | D:15     | Reached skill level 10 in Maces & Flails
 26621 | D:15     | Reached XP level 16. HP: 91/129 MP: 16/16
 26797 | D:15     | Identified the ring of Pragmatism {Fly rN+}
 27131 | Orc:2    | Bought the +5 demon whip "Spellbinder" {antimagic, disrupt,
                  | Will+} for 991 gold pieces
 27131 | Orc:2    | Found the +5 demon whip "Spellbinder" {antimagic, disrupt,
                  | Will+}
 27387 | Vaults:5 | Identified the of Kuaseyp
 27387 | Elf:1    | Identified the of Agrisso
 27387 | Elf:1    | Entered Level 1 of the Elven Halls
 28408 | Elf:1    | Found Ychaoc's Distillery.
 29072 | Elf:2    | Identified the of Qemario
 30242 | Elf:2    | Found a runed translucent gate.
 30243 | Elf:2    | Found a runed translucent gate.
 30243 | Elf:2    | Found a runed translucent gate.
 30347 | Elf:2    | Gained mutation: You are completely covered in razor-sharp
                  | scales. (AC +3, Slay +3) [demonic ancestry]
 30347 | Elf:2    | Reached XP level 17. HP: 121/137 MP: 5/17
 31420 | Swamp:1  | Entered Level 1 of the Swamp
 31886 | Swamp:1  | Noticed Nikola
 31902 | Swamp:1  | Killed Nikola
 31957 | Swamp:1  | Paralysed by a hornet for 3 turns
 32321 | Swamp:2  | Found a frozen archway.
 32366 | IceCv    | Entered an ice cave
 32756 | IceCv    | Reached skill level 5 in Stealth
 32818 | IceCv    | Identified the +0 robe "Qocvadila" {Str+3 Int+3}
 33645 | Swamp:2  | Found a radiant altar of Vehumet.
 33704 | Swamp:2  | Reached skill level 10 in Dodging
 33802 | Swamp:2  | Noticed Frances
 33813 | Swamp:2  | Killed Frances
 34236 | Swamp:3  | Identified the +7 orcbow of Ipse Dixit {heavy, Stlth+}
 34774 | Swamp:3  | Reached XP level 18. HP: 134/145 MP: 6/18
 35104 | Swamp:3  | Identified the +6 chain mail of Lutiuppie {rCorr Int+3}
 35219 | Swamp:4  | Entered Level 4 of the Swamp
 35677 | Swamp:4  | Got a decaying rune of Zot
 36310 | Swamp:4  | Reached skill level 10 in Evocations
 36641 | Swamp:4  | Learned a level 1 spell: Apportation
 36748 | Spider:1 | Entered Level 1 of the Spider Nest
 39900 | Spider:3 | Reached skill level 15 in Long Blades
 40518 | Spider:3 | Noticed Mara
 40520 | Spider:3 | Noticed Crescendo's illusion
 40541 | Spider:3 | Killed Mara
 40542 | Spider:3 | Reached skill level 10 in Throwing
 40542 | Spider:3 | Gained mutation: You have hooves in place of feet. [demonic
                  | ancestry]
 40542 | Spider:3 | Reached XP level 19. HP: 108/153 MP: 6/19
 40698 | Spider:3 | Found a runed translucent door.
 40700 | Spider:3 | Noticed Domino's ghost (adept MiBe)
 41281 | Spider:4 | Entered Level 4 of the Spider Nest
 41467 | Spider:4 | HP: 6/153 [disintegration (55)]
 41982 | Spider:4 | Noticed Roxanne
 42055 | Spider:4 | Killed Roxanne
 42742 | Spider:4 | Reached skill level 1 in Unarmed Combat
 43436 | Spider:4 | Identified the +1 hat of Zaereser {Dex+4 Stlth-}
 43443 | Spider:4 | Got a gossamer rune of Zot
 43887 | Elf:3    | Identified the of Xuola
 43887 | Elf:3    | Entered Level 3 of the Elven Halls
 44442 | Elf:3    | Noticed Zenata
 44453 | Elf:3    | Killed Zenata
 44736 | Elf:3    | Found Ziutzoh's Armour Shoppe.
 44746 | Elf:3    | Bought the -2 hat of the Alchemist {rElec rPois rF+ rC+ rN+
                  | Will+ rMut rCorr} for 613 gold pieces
 44746 | Elf:3    | Found the -2 hat of the Alchemist {rElec rPois rF+ rC+ rN+
                  | Will+ rMut rCorr}
 44780 | Elf:3    | Noticed Donald
 44788 | Elf:3    | Killed Donald
 45259 | Elf:3    | Found Heathress's Jewellery Shop.
 45263 | Elf:3    | Bought the amulet "Zynif" {Faith Regen+ Dex+3} for 746 gold
                  | pieces
 45643 | Elf:3    | Reached skill level 10 in Armour
 45941 | Elf:3    | Reached skill level 15 in Fighting
 46150 | Elf:3    | Identified the +12 spear "Zupy" {drain, Int+4}
 46191 | Elf:3    | Found the +7 sceptre of Torment {pain, torment}
 46227 | Elf:3    | Identified the +9 flail of the Transmuting Madman {heavy,
                  | rF+ Int+4}
 46289 | Elf:3    | Identified the +0 spear of Embarrassment {flame, rF- rC++
                  | Will+ Int+3}
 46292 | Elf:3    | Identified the amulet "Zicisip" {Spirit Int+2 SInv}
 46310 | Elf:3    | Identified the +8 sling of Duddiz Buda {drain, rC+ rN+
                  | Int-4 Dex+5}
 46320 | Elf:3    | Identified the ring of Vashruiku {rPois rF+ rCorr Str+3
                  | Int+3}
 46773 | Vaults:1 | Entered Level 1 of the Vaults
 46954 | Vaults:1 | Reached XP level 20. HP: 162/162 MP: 6/20
 48220 | Vaults:2 | Found a magical portal.
 48245 | WizLab   | Entered Alistair's Party Mansion
 48582 | WizLab   | Noticed a golden dragon
 49075 | Vaults:2 | Acquired a manual of Maces & Flails
 49125 | Vaults:2 | You fall into a shaft and drop 1 floor!
 49217 | Vaults:3 | Identified the +5 battleaxe "Uggunuiq" {vamp, Dex+4}
 49944 | Vaults:3 | Found a staircase to the Crypt.
 50439 | Vaults:3 | Reached XP level 21. HP: 170/170 MP: 7/21
 50507 | Vaults:3 | Identified the +3 dagger of Disgust {freeze, rPois}
 50715 | Vaults:2 | Identified the +1 robe "Zostrin" {rElec Regen+ Int-4}
 50740 | Vaults:2 | Noticed Jory
 50760 | Vaults:2 | Killed Jory
 52220 | Vaults:4 | Paralysed by a formless jellyfish for 1 turns
 52882 | Vaults:4 | Noticed Margery
 53068 | Vaults:4 | Killed Margery
 53153 | Vaults:4 | Reached skill level 5 in Unarmed Combat
 53316 | Vaults:4 | Reached skill level 15 in Maces & Flails
 53819 | Vaults:5 | Entered Level 5 of the Vaults
 53866 | Vaults:5 | Reached XP level 22. HP: 122/179 MP: 7/22
 53950 | Vaults:5 | Noticed a dread lich
 53957 | Vaults:5 | Killed a dread lich
 54128 | Vaults:5 | Reached skill level 10 in Stealth
 54260 | Vaults:5 | Identified the +9 plate armour of Chill Winds {rPois Str+3
                  | Int-2}
 54270 | Vaults:5 | Identified the +8 war axe of Qoyppe {elec, rF+ rC- Int+2}
 54539 | Vaults:5 | Identified the +2 buckler "Qeommem" {Rampage rF+ Str-4
                  | Stlth+}
 54543 | Vaults:5 | Got a silver rune of Zot
 54736 | Vaults:5 | Identified the +0 leather armour of the Rescuing Gods
                  | {Drain rF++}
 54831 | Vaults:5 | Identified the +8 trident of Compassion {heavy, rPois rF+
                  | rC+ Int+3}
 55020 | Vaults:5 | Identified the +4 scale mail of Dueso {Int+3}
 55021 | Vaults:5 | Identified the amulet "Zeingueb" {*Slow rN+ Regen+ Str+2
                  | Int+6}
 55376 | Lair:1   | Gained mutation: You are vulnerable to heat. (rF-)
                  | [mutagenic glow]
 55439 | Lair:1   | Lost mutation: You are vulnerable to heat. (rF-) [potion of
                  | mutation]
 55610 | Depths:1 | Entered Level 1 of the Depths
 55713 | D:15     | Reached skill level 1 in Spellcasting
 56120 | Depths:1 | Found a hide-covered altar of Uskayaw.
 56183 | Depths:1 | Identified the +7 scale mail of Yrylisor {rF+ rN+ Regen+
                  | Dex-3}
 56331 | Depths:1 | Found a one-way gateway to a ziggurat.
 56718 | Depths:1 | Found a gateway to Hell.
 56859 | Depths:2 | Acquired a manual of Fire Magic
 57040 | Depths:2 | Found a one-way gate to the infinite horrors of the Abyss.
 57176 | Depths:2 | Gained mutation: You sometimes gain power by taking damage.
                  | [demonic ancestry]
 57176 | Depths:2 | Reached XP level 23. HP: 156/188 MP: 9/27
 57200 | Depths:2 | Reached skill level 1 in Fire Magic
 57295 | Depths:2 | Found a stormy altar of Qazlal.
 57611 | Depths:2 | Found a one-way gate leading to the halls of Pandemonium.
 57874 | Depths:3 | You fall into a shaft and drop 1 floor!
 57874 | Depths:4 | Entered Level 4 of the Depths
 57875 | Depths:4 | Found a gate to the Realm of Zot.
 57921 | Depths:3 | Found Jadurrub's Jewellery Boutique.
 57942 | Depths:3 | Found Hofuc's Antique Weapon Boutique.
 58095 | Depths:3 | Noticed a dread lich
 58130 | Depths:3 | Killed a dread lich
 58309 | Depths:3 | Identified the +2 ring mail of Eritubo {+Inv rElec}
 58423 | Depths:3 | Noticed Xtahua
 58449 | Depths:3 | Noticed Frederick
 58450 | Depths:3 | Killed Xtahua
 58571 | Depths:3 | Killed Frederick
 58754 | Depths:3 | Reached skill level 1 in Translocations
 58799 | Depths:3 | Reached skill level 15 in Dodging
 58836 | Depths:3 | Found a hazy altar of Hepliaklqana.
 59084 | Depths:3 | Reached skill level 5 in Fire Magic
 59960 | Depths:3 | Reached skill level 5 in Spellcasting
 60558 | Depths:4 | Noticed a juggernaut
 60586 | Depths:4 | Killed a juggernaut
 60587 | Depths:4 | Gained mutation: Spells you cast and wands you use may
                  | paralyse nearby enemies. [demonic ancestry]
 60587 | Depths:4 | Reached XP level 24. HP: 154/195 MP: 25/30
 61812 | Crypt:1  | Entered Level 1 of the Crypt
 62236 | Crypt:1  | Identified the +3 chain mail of Ilicleb {Rampage rF+++
                  | Str-3 Slay-4}
 63596 | Crypt:3  | Entered Level 3 of the Crypt
 63638 | Crypt:3  | Learned a level 2 spell: Wereblood
 64144 | Crypt:3  | Reached skill level 1 in Transmutations
 64150 | Crypt:3  | Found a staircase to the Tomb.
 64316 | Crypt:3  | Identified the amulet of Sunlight {Harm Regen+ Dex+5}
 64316 | Crypt:3  | Identified the ring "Piojebb" {rElec rN+ Int+2 Dex-3}
 64316 | Crypt:3  | Identified the ring of Kiesk {rN+ Dex+3}
 64747 | Crypt:3  | Found an ancient bone altar of Kikubaaqudgha.
 64765 | Crypt:3  | Noticed an ancient lich
 64778 | Crypt:3  | Killed an ancient lich
 64811 | Crypt:3  | Noticed an ancient lich
 64835 | Crypt:3  | Killed an ancient lich
 64971 | Crypt:3  | Noticed a dread lich
 64994 | Crypt:3  | Killed a dread lich
 65116 | Crypt:3  | Identified the +0 leather armour of Tortelloni {Harm rCorr
                  | Slay-3}
 65594 | Lair:1   | Gained mutation: You passively map a small area around you.
                  | [potion of mutation]
 65594 | Lair:1   | Gained mutation: You have sharp fingernails. [potion of
                  | mutation]
 65595 | Lair:1   | Lost mutation: You have sharp fingernails. [potion of
                  | mutation]
 65595 | Lair:1   | Lost mutation: You passively map a small area around you.
                  | [potion of mutation]
 65595 | Lair:1   | Gained mutation: Your spells are a little easier to cast,
                  | but a little less powerful. [potion of mutation]
 65596 | Lair:1   | Lost mutation: Your spells are a little easier to cast, but
                  | a little less powerful. [potion of mutation]
 65596 | Lair:1   | Gained mutation: You have an increased reservoir of magic.
                  | (+10% MP) [potion of mutation]
 65596 | Lair:1   | Gained mutation: You are agile. (Dex +4, Str/Int -1)
                  | [potion of mutation]
 65596 | Lair:1   | Gained mutation: You are very agile. (Dex +8, Str/Int -2)
                  | [potion of mutation]
 65597 | Lair:1   | Lost mutation: You have an increased reservoir of magic.
                  | (+10% MP) [potion of mutation]
 65597 | Lair:1   | Lost mutation: You are very agile. (Dex +8, Str/Int -2)
                  | [potion of mutation]
 65597 | Lair:1   | Gained mutation: You have sharp fingernails. [potion of
                  | mutation]
 65597 | Lair:1   | Gained mutation: You expend magic power (3 MP) to
                  | strengthen your wands. [potion of mutation]
 65598 | Lair:1   | Lost mutation: You are agile. (Dex +4, Str/Int -1) [potion
                  | of mutation]
 65598 | Lair:1   | Lost mutation: You expend magic power (3 MP) to strengthen
                  | your wands. [potion of mutation]
 65598 | Lair:1   | Lost mutation: You have sharp fingernails. [potion of
                  | mutation]
 65598 | Lair:1   | Gained mutation: Your spells are a little harder to cast,
                  | but a little more powerful. [potion of mutation]
 65598 | Lair:1   | Gained mutation: Your mind is acute. (Int +4, Str/Dex -1)
                  | [potion of mutation]
 65816 | D:4      | Killed Armakuni's ghost
 66623 | Lair:3   | Killed Dinodghad's ghost
 66624 | Lair:3   | Reached skill level 15 in Shields
 66702 | Lair:4   | Killed Crescendo's ghost
 66922 | Spider:3 | Killed Domino's ghost
 67331 | Zot:1    | Identified the "Dabrycs"
 67331 | Zot:1    | Entered Level 1 of the Realm of Zot
 67521 | Zot:1    | Reached skill level 1 in Shapeshifting
 67592 | Zot:1    | Noticed an orb of fire
 67629 | Zot:1    | Killed an orb of fire
 67928 | Zot:1    | Gained mutation: You are resistant to unholy torment.
                  | [demonic ancestry]
 67928 | Zot:1    | Reached XP level 25. HP: 202/203 MP: 11/33
 68017 | Zot:1    | Noticed an orb of fire
 68063 | Zot:1    | Killed an orb of fire
 68314 | Zot:1    | Identified the +5 spear of the Quiescent God {drain, rPois}
 68427 | Zot:2    | Reached skill level 5 in Translocations
 69147 | Zot:2    | Identified the +7 hand axe of Zeupsin {heavy, Will- Int+3
                  | Dex+4}
 69667 | Zot:3    | Noticed a Killer Klown
 69678 | Zot:3    | Killed a Killer Klown
 69748 | Zot:3    | HP: 5/203 [green draconian monk (14)]
 69751 | Zot:3    | Slain by a green draconian monk

Illustrated notes

Levels and vault maps discovered:
D:1:      dpeg_arrival_tiny_a, layout_basic, kennysheep_nondescript,
          serial_bayou_lagoon_a
D:2:      layout_basic, shapermc_ecumenical_altar_venn, uniq_terence,
          uniq_natasha
D:3:      layout_basic, nicolae_ru_sacrificial_ziggurat,
          nzn_wu_jian_council_hall, minmay_fractal_squares_5, uniq_ijyb
D:4:      layout_cave_pods, mainiacjoe_overflow_24_doors, marbit_many_paths,
          minmay_temple_entry_mist, enter_ossuary_4,
          ebering_ghost_disaster_area, nicolae_shop_distant_corner_stores,
          minmay_pentomino_pile
D:5:      cheibrodos_fertilizer, layout_basic, serial_glass, glass_columns_a,
          glass_columns_a, minmay_small_thing, uniq_sigmund
D:6:      layout_cave_pods, mainiacjoe_overflow_brackets,
          cheibrodos_sewer_entry_bend
D:7:      layout_loops_ring, nicolae_gozag_seed_capital, enter_bailey_2,
          minmay_fountain_box, corner_web_ring,
          nicolae_shop_i_like_small_books_too, hex_tiny
D:8:      lemuel_insect_pit, layout_basic, slow_altar_2
D:9:      layout_basic, david_orc_2
D:10:     layout_roguey, grunt_ministairs_8
D:11:     layout_loops_cross, lair_entry_dummy, uniq_fannar
D:12:     layout_basic, evilmike_ruin_ashenzari, uniq_sonja
D:13:     layout_irregular_city, hangedman_vaults_entry_quadrant_bands
D:14:     layout_gridville, serial_shops, shop, minmay_strange_pillars,
          trog_hazing_becter
D:15:     hangedman_spin_cycle
Temple:   minmay_freezing_vapour_temple
Lair:1:   layout_roguey, basic_altar, chequers_serial_rivers_micro_c,
          serial_bayou_pond_e, infiniplex_staircase_pool_2, grunt_megastairs_3,
          lemuel_fruit_fields
Lair:2:   layout_gridlike, hibernation_bobbens
Lair:3:   layout_regular_city, swamp_mist, spider_nest_entry_rubble,
          hellmonk_ghost_happy_afterlife
Lair:4:   minmay_guarded_unrand_snakebite, layout_gridlike,
          dpeg_slime_entry_enclosed, ebering_ghost_reflecting_pool, uniq_kirke
Lair:5:   grunt_lair_end_beastmaster, layout_long_grid
Swamp:1:  layout_basic_swamp, evilmike_swamp_ruin_rubble_2, uniq_nikola
Swamp:2:  layout_falls_marsh, portal_ice_cave_entry_ice_simulacra,
          nicolae_swamp_godswood, infiniplex_staircase_pool, uniq_frances
Swamp:3:  layout_falls_marsh, evilmike_swamp_ruin_house_1, swamp_pool1,
          nicolae_swamp_spooky_pond
Swamp:4:  swamp_basic_johnstein, layout_basic_swamp, swamp_pool2,
          nicolae_swamp_soggy_hallways
Spider:1: layout_spider_delve, guppyfry_spider_mini_1
Spider:2: layout_cave_pods
Spider:3: layout_spider_delve, ebering_ghost_inner_flame, uniq_mara
Spider:4: floodkiller_spider_rune_tomb, uniq_roxanne
Orc:1:    layout_diamond_mine, uniq_gastronok
Orc:2:    st_orc_town, layout_caves, mines1_david
Elf:1:    layout_geoelf_grid, serial_shops, nicolae_shop_tiny_waterfront,
          minmay_elf_annihilation, minmay_the_grid_square_5x5_3x3_mashed
          [minmay_the_grid_square_5x5_minibox,
          minmay_the_grid_square_5x5_shrine2,
          minmay_the_grid_square_5x5_beaten_path,
          minmay_the_grid_square_5x5_fancy_junction,
          minmay_the_grid_square_5x5_megaprize_diamond,
          minmay_the_grid_square_5x5_two_walls_a,
          minmay_the_grid_square_5x5_dogpile, minmay_the_grid_square_5x5_spiral,
          minmay_the_grid_square_5x5_three_small]
Elf:2:    nicolae_elf_blades_crystal_corner, layout_loops_corners,
          lemuel_flamethrower_3, lemuel_upstairs_altar
Elf:3:    minmay_elf_hall, layout_geoelf_grid, serial_shops, shop_statue, shop,
          grunt_ministairs_2, minivault_16, dk_noncrumbling_2,
          hangedman_elf_targeted_burst, uniq_zenata, uniq_donald
Vaults:1: nicolae_vaults_little_squares_2, v_misc_19,
          nicolae_vaults_hexular_roomagon, v_misc_27, hangedman_vaults_cutoff,
          nicolae_vaults_trapezoid_lopsided_3, nicolae_vaults_mini_display_case,
          layout_vaults_omnigrid
Vaults:2: lightli_enter_wizlab_magi_temple, v_misc_9,
          nicolae_vaults_surprise_closet_hard, nicolae_vaults_surprise_closet,
          v_misc_14, v_alt_pattern_5, nicolae_vaults_what_the_h,
          ontoclasm_vaults_loading_screen, nicolae_vaults_tetromino_L_2,
          layout_vaults_chaotic_city, uniq_jory
Vaults:3: nicolae_vaults_branching_niches, hangedman_vaults_stretched_pinwheel,
          minmay_crypt_entry_simple_sparse, v_misc_8, hangedman_vaults_pinch,
          nicolae_vaults_storage_closets_1, nicolae_vaults_alarming,
          vaults_room_pool, vaults_dpeg_diagonal, v_misc_2, grunt_vaults_swirl,
          nicolae_vaults_oval_intersection, nicolae_vaults_tetromino_Z_1,
          nicolae_vaults_wrenched, layout_vaults_omnibox
Vaults:4: v_misc_25, nicolae_vaults_circle_grid_b, vaults_room_ringed_pool,
          nicolae_vaults_ninety_degrees, nicolae_vaults_layer_cake_slice,
          nicolae_vaults_sightless_eye, nicolae_vaults_angled_halls, v_misc_24,
          nicolae_vaults_shock_wave, nicolae_vaults_house_2,
          nicolae_vaults_trapezoid_layered, nicolae_vaults_storage_closets_2,
          vaults_dpeg_hooks, v_misc_30, nicolae_vaults_surprise_closet,
          nicolae_vaults_trapezoid_lopsided_1, layout_vaults_omnicross,
          uniq_margery
Vaults:5: serial_shops
Crypt:1:  layout_basic, grunt_crypt_arrival_webbed
Crypt:2:  layout_regular_city
Crypt:3:  quadcrypt_mu
Depths:1: layout_cave_shapes, enter_ziggurat_e, nicolae_uskayaw_en_pointe,
          hellmouth_1, kennysheep_generic_room_5
Depths:2: nicolae_cairo_tiling, layout_cave_pools, grunt_pan_entry_spiral,
          nicolae_qazlal_scattered_showers, hell_entry, abyss_entry_glasseish,
          serial_bayou_shore_a
Depths:3: hellmonk_paralyzer, layout_gridlike, hell_entry, abyss_entry_crystal,
          worldfamousw_hep_ancestral_shrine, grunt_megastairs_1,
          minmay_shop_star, infiniplex_staircase_river, uniq_xtahua,
          uniq_frederick
Depths:4: evilmike_zot_entry_diamond, layout_long_grid, rand_demon_pan_entry_1,
          hell_entry, nicolae_zig_zag_zippers
Zot:1:    dreamdust_black_sun_cult, layout_onion_interference
Zot:2:    layout_gridville, regret_index_zotdec_twisting_globes
Zot:3:    layout_gridlike, regret_index_zotdec_gossamer_gf, st_stairs_10

Skill      XL: |  1  2  3  4  5  6  7  8  9 10 11 12 13 14 15 16 17 18 19 20 21 22 23 24 25 |
---------------+----------------------------------------------------------------------------+-----
Dodging        | 3 4 5 6 7 8 9 10 11 12 13 14 15 16 | 16.0
Long Blades    | 3 4 5 7 8 10 11 12 13 14 15 | 15.0
Stealth        | 1 4 5 7 8 9 10 11 | 11.4
Fighting       | 4 5 6 7 9 10 11 12 13 14 15 16 17 | 17.8
Armour         | 1 2 3 4 5 6 7 8 10 11 12 13 14 | 14.6
Evocations     | 3 4 5 6 7 8 9 10 11 12 13 | 13.3
Throwing       | 2 4 5 6 7 8 9 10 11 12 | 12.8
Shields        | 2 5 7 9 10 11 12 13 14 15 | 15.3
Maces & Flails | 2 10 11 12 13 14 15 16 17 | 17.8
Unarmed Combat | 2 4 5 6 7 |  7.7
Spellcasting   | 2 5 7 |  7.6
Fire Magic     | 6 8 |  8.7
Translocations | 2 4 5 |  5.3
Transmutations | 3 |  3.9
Shapeshifting  | 1 2 |  2.7

Action                     |  1- 3 |  4- 6 |  7- 9 | 10-12 | 13-15 | 16-18 | 19-21 | 22-24 | 25-27 || total
---------------------------+-------+-------+-------+-------+-------+-------+-------+-------+-------++-------
  Melee: Falchion          |   115 |   182 |   178 |       |       |       |       |       |       ||   475
         Unarmed           |       |     2 |       |       |       |       |       |       |       ||     2
         Long sword        |       |       |   100 |   596 |   629 |       |       |       |       ||  1325
         Whip              |       |       |       |       |   527 |   492 |   307 |    34 |       ||  1360
         Scimitar          |       |       |       |       |   229 |    38 |       |       |       ||   267
         Demon whip        |       |       |       |       |       |  1514 |  1600 |  3205 |   521 ||  6840
         Kick              |       |       |       |       |       |       |   914 |  1798 |   267 ||  2979
  Throw: Dart              |       |       |     1 |     2 |    10 |     2 |       |       |       ||    15
         Boomerang         |       |       |       |     8 |       |    11 |       |       |       ||    19
         Javelin           |       |       |       |       |     4 |     2 |       |    14 |       ||    20
         Throwing net      |       |       |       |       |     1 |       |       |       |       ||     1
   Cast: Blink             |       |       |       |       |       |       |       |     1 |       ||     1
         Wereblood         |       |       |       |       |       |       |       |     1 |       ||     1
 Invoke: Heavenly Storm    |       |       |       |       |       |       |     2 |     1 |       ||     3
         Serpent's Lash    |       |       |       |       |       |       |     1 |       |       ||     1
Ability: Whirlwind         |       |    45 |    59 |   145 |   446 |   321 |   387 |   575 |    86 ||  2064
         Lunge             |       |     9 |    32 |    51 |   101 |   130 |   164 |   152 |    21 ||   660
         Wall Jump         |       |       |       |       |     1 |     2 |     4 |     2 |       ||     9
  Evoke: Wand              |       |       |     2 |     6 |     3 |     1 |     1 |     5 |     4 ||    22
         Phantom mirror    |       |       |       |       |       |       |       |     1 |       ||     1
         Sack of spiders   |       |       |       |       |       |       |       |       |     1 ||     1
    Use: Scroll            |     3 |     5 |     8 |     8 |    13 |     7 |     8 |     6 |     2 ||    60
         Potion            |     1 |       |       |     2 |     2 |     3 |     7 |    11 |     1 ||    27
   Stab: Sleeping          |       |       |       |       |     9 |    19 |    18 |    18 |     1 ||    65
         Petrified         |       |       |       |       |     8 |       |       |       |       ||     8
         Petrifying        |       |       |       |       |     1 |       |       |       |       ||     1
         Confused          |       |       |       |       |       |     3 |       |       |       ||     3
         Distracted        |       |       |       |       |       |     5 |     8 |     3 |     2 ||    18
 Armour: Robe              |    75 |       |       |       |       |       |       |       |       ||    75
         Scale mail        |       |   119 |   157 |   267 |   658 |   780 |   582 |  1023 |   264 ||  3850
         Skin              |       |    10 |       |       |       |       |       |       |       ||    10
         Plate armour      |       |       |       |       |       |       |       |   134 |       ||   134
  Dodge: Dodged            |   118 |    75 |    94 |   194 |   475 |   595 |   536 |  1219 |   204 ||  3510
         Repelled          |       |       |       |       |       |       |       |    15 |    11 ||    26
  Block: Buckler           |       |       |       |   181 |   502 |   607 |   488 |   964 |   164 ||  2906
         Reflection        |       |       |       |     5 |    47 |    45 |    52 |    55 |    15 ||   219

Table legend: (Time is in decaauts)
 A = Elapsed time spent in this place.
 B = Non-inter-level travel time spent in this place.
 C = Inter-level travel time spent in this place.
 D = Time resting spent in this place.
 E = Time spent auto-exploring this place.
 F = Levels seen in this place.
 G = Mean time per level.
                   A        B        C        D        E       F      G
               +--------+--------+--------+--------+--------+-----+--------+
         Total |  67930 |  60659 |   7271 |  10471 |  31918 |  54 | 1258.0 |
       Dungeon |  20411 |  16798 |   3613 |   2942 |  10151 |  15 | 1360.7 |
        Temple |      1 |      1 |      0 |      0 |      0 |   1 |    1.0 |
          Lair |   6640 |   5714 |    926 |    459 |   3419 |   5 | 1328.0 |
         Swamp |   3975 |   3795 |    180 |    495 |   2332 |   4 |  993.8 |
   Spider Nest |   6860 |   6534 |    326 |   2179 |   2471 |   4 | 1715.0 |
  Orcish Mines |   3114 |   2682 |    432 |    982 |    856 |   2 | 1557.0 |
   Elven Halls |   5895 |   5551 |    344 |   1443 |   2419 |   3 | 1965.0 |
        Vaults |   7337 |   6574 |    763 |    475 |   4198 |   5 | 1467.4 |
         Crypt |   3309 |   3218 |     91 |     93 |   1913 |   3 | 1103.0 |
        Depths |   5158 |   4614 |    544 |    535 |   2207 |   4 | 1289.5 |
           Zot |   2254 |   2205 |     49 |    295 |    950 |   3 |  751.3 |
         Sewer |    155 |    155 |      0 |      0 |     98 |   1 |  155.0 |
       Ossuary |    302 |    302 |      0 |      0 |    157 |   1 |  302.0 |
        Bailey |    605 |    605 |      0 |    118 |    205 |   1 |  605.0 |
      Ice Cave |   1115 |   1115 |      0 |    303 |    413 |   1 | 1115.0 |
        Wizlab |    791 |    791 |      0 |    149 |    126 |   1 |  791.0 |
               +--------+--------+--------+--------+--------+-----+--------+

Top non-repeatable levels by time:
    D:15: 3546 daAuts
   Elf:2: 2464 daAuts
   Elf:3: 2122 daAuts
   Orc:2: 2102 daAuts
Spider:3: 2101 daAuts
    D:11: 2081 daAuts
Depths:3: 2065 daAuts
Spider:4: 1957 daAuts
    D:13: 1701 daAuts
Spider:2: 1679 daAuts
 Crypt:3: 1603 daAuts
Vaults:4: 1584 daAuts
Vaults:3: 1576 daAuts
  Lair:1: 1525 daAuts
  Lair:5: 1521 daAuts
